TOP OF THE 1ST |
Santa Fe Diablos batting - Pitching for Beaumont Roughnecks : RHP Jim Durham
|
Pitching: RHP Jim Durham
|
|
Batting: RHB Chris Deem
|
0-0: Ball 1-0: Fly out, F8 (Flyball, 8RS)
|
Batting: RHB John Dinkins
|
0-0: Swinging Strike 0-1: Fly out, F7 (Flyball, 7)
|
Batting: SHB George Adams
|
0-0: Called Strike 0-1: Ball 1-1: Ground out 1-3 (Groundball, 13)
|
Top of the 1st over - 0 run(s), 0 hit(s), 0 error(s), 0 left on base; Santa Fe 0 - Beaumont 0 |
BOTTOM OF THE 1ST |
Beaumont Roughnecks batting - Pitching for Santa Fe Diablos : LHP Allen Purss
|
Pitching: LHP Allen Purss
|
|
Batting: RHB Jeff Mason
|
0-0: Ball 1-0: Called Strike 1-1: Fly out, F7 (Flyball, 7)
|
Batting: RHB Darwin Crane
|
0-0: Foul Ball, location: 2F 0-1: Called Strike 0-2: Strikes out looking
|
Batting: LHB Cam Flowers
|
0-0: DOUBLE (Line Drive, 9D)
|
Batting: RHB Anthony Hezell
|
0-0: Ball 1-0: Swinging Strike 1-1: Ball 2-1: Ball 3-1: Base on Balls
|
Batting: LHB Bernardo Morales
|
0-0: Called Strike 0-1: Foul Ball, location: 2F 0-2: Ball 1-2: Ball 2-2: Ball 3-2: Strikes out swinging
|
Bottom of the 1st over - 0 run(s), 1 hit(s), 0 error(s), 2 left on base; Santa Fe 0 - Beaumont 0 |
TOP OF THE 2ND |
Santa Fe Diablos batting - Pitching for Beaumont Roughnecks : RHP Jim Durham
|
Batting: RHB Henning Huisman
|
0-0: Ball 1-0: Called Strike 1-1: Called Strike 1-2: Ball 2-2: Fly out, F8 (Flyball, 8RD)
|
Batting: RHB Lee Price
|
0-0: Called Strike 0-1: Foul Ball, location: 2F 0-2: Fly out, F7 (Flyball, 78M)
|
Batting: SHB Tex White
|
0-0: SINGLE (Flyball, 89M)
|
Batting: RHB Tim Adkins
|
0-0: Ball 1-0: Ball 2-0: DOUBLE (Groundball, 3L) Tex White to third
|
Batting: LHB Javier Martínez
|
0-0: Called Strike 0-1: Foul Ball, location: 2F 0-2: Strikes out swinging
|
Top of the 2nd over - 0 run(s), 2 hit(s), 0 error(s), 2 left on base; Santa Fe 0 - Beaumont 0 |
BOTTOM OF THE 2ND |
Beaumont Roughnecks batting - Pitching for Santa Fe Diablos : LHP Allen Purss
|
Batting: RHB Franklin Lawrence
|
0-0: Ball 1-0: Called Strike 1-1: Foul Ball, location: 2F 1-2: Ball 2-2: Strikes out swinging
|
Batting: LHB Enrique Cruz
|
0-0: Called Strike 0-1: Swinging Strike 0-2: Ball 1-2: SINGLE (Flyball, 4D)
|
Batting: LHB Tony Rivera
|
0-0: Swinging Strike 0-1: Fielders Choice at 2nd, 3-6 (Groundball, 34)
|
Batting: RHB Miguel Costa
|
0-0: Ball 1-0: Ball 2-0: Swinging Strike 2-1: Ball 3-1: SINGLE (Line Drive, 9S) Tony Rivera to second Runner from 2nd tries for 3rd, SAFE, throw made to third Miguel Costa to second
|
Batting: RHB Jeff Mason
|
0-0: Ball 1-0: Ball 2-0: Ball 3-0: Base on Balls
|
Batting: RHB Darwin Crane
|
0-0: Called Strike 0-1: Called Strike 0-2: SINGLE (Groundball, 56) (infield hit) Tony Rivera scores Miguel Costa to third Jeff Mason to second
|
Batting: LHB Cam Flowers
|
0-0: Ball 1-0: Ball 2-0: Foul Ball, location: 2F 2-1: Fielders Choice at 2nd, 4-6 (Groundball, 34)
|
Bottom of the 2nd over - 1 run(s), 3 hit(s), 0 error(s), 2 left on base; Santa Fe 0 - Beaumont 1 |
TOP OF THE 3RD |
Santa Fe Diablos batting - Pitching for Beaumont Roughnecks : RHP Jim Durham
|
Batting: RHB Ricardo Remedios
|
0-0: Ground out 5-3 (Groundball, 56S)
|
Batting: RHB Chris Deem
|
0-0: Swinging Strike 0-1: Swinging Strike 0-2: Strikes out looking
|
Batting: RHB John Dinkins
|
0-0: Ball 1-0: Ball 2-0: Foul Ball, location: 2F 2-1: Swinging Strike 2-2: Strikes out looking
|
Top of the 3rd over - 0 run(s), 0 hit(s), 0 error(s), 0 left on base; Santa Fe 0 - Beaumont 1 |
BOTTOM OF THE 3RD |
Beaumont Roughnecks batting - Pitching for Santa Fe Diablos : LHP Allen Purss
|
Batting: RHB Anthony Hezell
|
0-0: Foul Ball, location: 2F 0-1: Foul Ball, location: 2F 0-2: Foul Ball, location: 2F 0-2: Ball 1-2: Foul Ball, location: 2F 1-2: Foul Ball, location: 2F 1-2: Strikes out swinging
|
Batting: LHB Bernardo Morales
|
0-0: Fly out, F8 (Flyball, 8LD)
|
Batting: RHB Franklin Lawrence
|
0-0: Ground out 5-3 (Groundball, 5)
|
Bottom of the 3rd over - 0 run(s), 0 hit(s), 0 error(s), 0 left on base; Santa Fe 0 - Beaumont 1 |
TOP OF THE 4TH |
Santa Fe Diablos batting - Pitching for Beaumont Roughnecks : RHP Jim Durham
|
Batting: SHB George Adams
|
0-0: Ball 1-0: Called Strike 1-1: Swinging Strike 1-2: Ground out 4-3 (Groundball, 34)
|
Batting: RHB Henning Huisman
|
0-0: Called Strike 0-1: Ball 1-1: Ball 2-1: Ball 3-1: Base on Balls
|
Batting: RHB Lee Price
|
0-0: Ball 1-0: Ball 2-0: Called Strike 2-1: Called Strike 2-2: Ground out 6-3 (Groundball, 6) Henning Huisman to second
|
Batting: SHB Tex White
|
0-0: Ball 1-0: Called Strike 1-1: Ground out 3-1 (Groundball, 34)
|
Top of the 4th over - 0 run(s), 0 hit(s), 0 error(s), 1 left on base; Santa Fe 0 - Beaumont 1 |
BOTTOM OF THE 4TH |
Beaumont Roughnecks batting - Pitching for Santa Fe Diablos : LHP Allen Purss
|
Batting: LHB Enrique Cruz
|
0-0: Ball 1-0: SINGLE (Line Drive, 89S)
|
Batting: LHB Tony Rivera
|
0-0: Foul Ball, location: 2F 0-1: Swinging Strike 0-2: Strikes out swinging
|
Batting: RHB Miguel Costa
|
0-0: Foul Ball, location: 2F 0-1: Fly out, F6 (Popup, 6D)
|
Batting: RHB Jeff Mason
|
0-0: Called Strike 0-1: Ball 1-1: Fielders Choice at 2nd, 6-4 (Groundball, 6)
|
Bottom of the 4th over - 0 run(s), 1 hit(s), 0 error(s), 0 left on base; Santa Fe 0 - Beaumont 1 |
TOP OF THE 5TH |
Santa Fe Diablos batting - Pitching for Beaumont Roughnecks : RHP Jim Durham
|
Batting: RHB Tim Adkins
|
0-0: Ball 1-0: Ball 2-0: Called Strike 2-1: Ball 3-1: Ground out 1-3 (Groundball, 15S)
|
Batting: LHB Javier Martínez
|
0-0: Called Strike 0-1: SINGLE (Groundball, 34D)
|
Batting: RHB Ricardo Remedios
|
0-0: Ball 1-0: Ball 2-0: Ball Passed Ball! Javier Martínez to second 3-0: Base on Balls
|
Batting: RHB Chris Deem
|
0-0: Grounds into double play, 5-4-3 (Groundball, 56)
|
Top of the 5th over - 0 run(s), 1 hit(s), 0 error(s), 1 left on base; Santa Fe 0 - Beaumont 1 |
BOTTOM OF THE 5TH |
Beaumont Roughnecks batting - Pitching for Santa Fe Diablos : LHP Allen Purss
|
Batting: RHB Darwin Crane
|
0-0: Ball 1-0: Ball 2-0: Ball 3-0: Called Strike 3-1: Base on Balls
|
Batting: LHB Cam Flowers
|
0-0: Ball 1-0: Swinging Strike 1-1: Foul Ball, location: 2F 1-2: Foul Ball, location: 2F 1-2: Foul Ball, location: 2F 1-2: Reached on error, E6 (Groundball, 6) Darwin Crane to second
|
Batting: RHB Anthony Hezell
|
0-0: Ball 1-0: Foul Ball, location: 2F 1-1: Called Strike 1-2: Ball 2-2: DOUBLE (Line Drive, 89D) Darwin Crane scores Cam Flowers to third Runner from 3rd tries for Home, SAFE, throw made at trailing runner, SAFE at third!
|
Batting: LHB Bernardo Morales
|
0-0: Ball 1-0: Foul Ball, location: 2F 1-1: SINGLE (Flyball, 89M) Anthony Hezell scores
|
Batting: RHB Franklin Lawrence
|
0-0: Ball 1-0: SINGLE (Groundball, 56D) Bernardo Morales to second
|
Batting: LHB Enrique Cruz
|
0-0: Called Strike 0-1: Swinging Strike 0-2: Ball 1-2: Ball 2-2: Foul Ball, location: 2F 2-2: Strikes out looking
|
Batting: LHB Tony Rivera
|
0-0: Fly out, F8 (Flyball, 8LM)
|
Batting: RHB Miguel Costa
|
0-0: Ball 1-0: Fly out, F9 (Flyball, 89M)
|
Bottom of the 5th over - 3 run(s), 3 hit(s), 1 error(s), 2 left on base; Santa Fe 0 - Beaumont 4 |
TOP OF THE 6TH |
Santa Fe Diablos batting - Pitching for Beaumont Roughnecks : RHP Jim Durham
|
Batting: RHB John Dinkins
|
0-0: Ball 1-0: Ball 2-0: Ball 3-0: Base on Balls
|
Batting: SHB George Adams
|
0-0: Ball 1-0: Called Strike 1-1: Ball John Dinkins steals 2nd base 2-1: Swinging Strike 2-2: Ground out 4-3 (Groundball, 4D) John Dinkins to third
|
Batting: RHB Henning Huisman
|
0-0: Ball 1-0: Foul Ball, location: 2F 1-1: Foul Ball, location: 2F 1-2: Ball 2-2: Ball 3-2: Fly out, F9 (Flyball, 89M)
|
Batting: RHB Lee Price
|
0-0: Foul Ball, location: 2F 0-1: Ball 1-1: Foul Ball, location: 2F 1-2: Foul Ball, location: 2F 1-2: Ball 2-2: Ball 3-2: Foul Ball, location: 2F 3-2: Strikes out swinging, 2-3 out at first.
|
Top of the 6th over - 0 run(s), 0 hit(s), 0 error(s), 1 left on base; Santa Fe 0 - Beaumont 4 |
BOTTOM OF THE 6TH |
Beaumont Roughnecks batting - Pitching for Santa Fe Diablos : LHP Allen Purss
|
Batting: RHB Jeff Mason
|
0-0: Ball 1-0: Foul Ball, location: 2F 1-1: Ball 2-1: Ball 3-1: Swinging Strike 3-2: Strikes out looking
|
Pitching: LHP Albert Alonzo
|
|
Batting: RHB Darwin Crane
|
0-0: Fly out, F8 (Flyball, 8RS)
|
Batting: LHB Cam Flowers
|
0-0: SINGLE (Line Drive, 89S)
|
Batting: RHB Anthony Hezell
|
0-0: Called Strike 0-1: Foul Ball, location: 2F 0-2: Ball 1-2: Fly out, F9 (Flyball, 9LM)
|
Bottom of the 6th over - 0 run(s), 1 hit(s), 0 error(s), 1 left on base; Santa Fe 0 - Beaumont 4 |
TOP OF THE 7TH |
Santa Fe Diablos batting - Pitching for Beaumont Roughnecks : RHP Jim Durham
|
Batting: SHB Tex White
|
0-0: SINGLE (Groundball, 6D)
|
Batting: RHB Tim Adkins
|
0-0: Called Strike 0-1: TRIPLE (Flyball, 9LM) Tex White scores
|
Pitching: RHP Jeff Thompson
|
|
Batting: LHB Javier Martínez
|
0-0: Called Strike 0-1: SINGLE (Flyball, 89S) Tim Adkins scores
|
Batting: RHB Ricardo Remedios
|
0-0: Called Strike 0-1: Foul Ball, location: 2F 0-2: SINGLE (Groundball, 56D) Javier Martínez to second
|
Pinch Hitting: SHB Scott Compton
|
0-0: Sac Bunt - play at first, batter OUT! 1-3 Javier Martínez to third Ricardo Remedios to second
|
Batting: RHB John Dinkins
|
0-0: Called Strike 0-1: Swinging Strike 0-2: Ball 1-2: Foul Ball, location: 2F 1-2: Ball 2-2: Ground out 4-3 (Groundball, 4) Javier Martínez scores Ricardo Remedios to third
|
Pitching: RHP Dave Hammond
|
|
Batting: SHB George Adams
|
0-0: Called Strike 0-1: Ball 1-1: Ball 2-1: Ball 3-1: Called Strike 3-2: TRIPLE (Flyball, 89D) Ricardo Remedios scores
|
Pinch Hitting: LHB John Bond
|
0-0: Ball 1-0: Ground out U3 (Groundball, 34)
|
Top of the 7th over - 4 run(s), 5 hit(s), 0 error(s), 1 left on base; Santa Fe 4 - Beaumont 4 |
BOTTOM OF THE 7TH |
Beaumont Roughnecks batting - Pitching for Santa Fe Diablos : LHP Albert Alonzo
|
Now at 3B: David Taylor
|
|
Now in CF: Keith Jones
|
|
Batting: LHB Bernardo Morales
|
0-0: Ball 1-0: Ground out 6-3 (Groundball, 6)
|
Batting: RHB Franklin Lawrence
|
0-0: Ball 1-0: DOUBLE (Groundball, 5L)
|
Batting: LHB Enrique Cruz
|
0-0: Ball 1-0: Called Strike 1-1: Ball 2-1: Foul Ball, location: 2F 2-2: Ground out U3 (Groundball, 3) Franklin Lawrence to third
|
Batting: LHB Tony Rivera
|
0-0: Ground out 4-3 (Groundball, 34)
|
Bottom of the 7th over - 0 run(s), 1 hit(s), 0 error(s), 1 left on base; Santa Fe 4 - Beaumont 4 |
TOP OF THE 8TH |
Santa Fe Diablos batting - Pitching for Beaumont Roughnecks : RHP Dave Hammond
|
Batting: RHB Lee Price
|
0-0: Ground out 6-3 (Groundball, 6)
|
Batting: SHB Tex White
|
0-0: Ball 1-0: Called Strike 1-1: Ball 2-1: Ground out 6-3 (Groundball, 6)
|
Batting: RHB Tim Adkins
|
0-0: Ball 1-0: Foul Ball, location: 2F 1-1: Fly out, F6 (Line Drive, 6MD)
|
Top of the 8th over - 0 run(s), 0 hit(s), 0 error(s), 0 left on base; Santa Fe 4 - Beaumont 4 |
BOTTOM OF THE 8TH |
Beaumont Roughnecks batting - Pitching for Santa Fe Diablos : LHP Albert Alonzo
|
Batting: RHB Miguel Costa
|
0-0: Ball 1-0: Swinging Strike 1-1: Foul Ball, location: 2F 1-2: Ball 2-2: Ball 3-2: Strikes out looking
|
Batting: RHB Jeff Mason
|
0-0: Called Strike 0-1: Ball 1-1: Ball 2-1: Called Strike 2-2: Ball 3-2: Base on Balls
|
Batting: RHB Darwin Crane
|
0-0: Ball 1-0: Ball 2-0: Called Strike 2-1: Swinging Strike 2-2: SINGLE (Groundball, 56) (infield hit) Jeff Mason to second
|
Batting: LHB Cam Flowers
|
0-0: Ball 1-0: Ball 2-0: Foul Ball, location: 2F 2-1: Called Strike 2-2: Ball 3-2: Strikes out looking
|
Batting: RHB Anthony Hezell
|
0-0: Called Strike 0-1: Called Strike 0-2: Strikes out swinging
|
Bottom of the 8th over - 0 run(s), 1 hit(s), 0 error(s), 2 left on base; Santa Fe 4 - Beaumont 4 |
TOP OF THE 9TH |
Santa Fe Diablos batting - Pitching for Beaumont Roughnecks : RHP Dave Hammond
|
Pitching: RHP Grady Connolly
|
|
Batting: LHB Javier Martínez
|
0-0: Called Strike 0-1: Swinging Strike 0-2: Ball 1-2: Strikes out looking
|
Batting: RHB Ricardo Remedios
|
0-0: Ball 1-0: Fly out, F5 (Line Drive, 56)
|
Batting: LHB David Taylor
|
0-0: Ball 1-0: Fly out, F4 (Popup, 4M)
|
Top of the 9th over - 0 run(s), 0 hit(s), 0 error(s), 0 left on base; Santa Fe 4 - Beaumont 4 |
BOTTOM OF THE 9TH |
Beaumont Roughnecks batting - Pitching for Santa Fe Diablos : LHP Albert Alonzo
|
Pitching: RHP Jonathan Long
|
|
Batting: LHB Bernardo Morales
|
0-0: Ball 1-0: Called Strike 1-1: Called Strike 1-2: Ball 2-2: SINGLE (Groundball, 6M) (infield hit)
|
Batting: RHB Franklin Lawrence
|
0-0: Ball 1-0: Ball 2-0: Ball 3-0: Swinging Strike 3-1: Called Strike 3-2: Foul Ball, location: 2F 3-2: Strikes out swinging
|
Batting: LHB Enrique Cruz
|
0-0: Called Strike 0-1: Ball Wild Pitch! Bernardo Morales to second 1-1: Called Strike 1-2: Foul Ball, location: 2F 1-2: Foul Ball, location: 2F 1-2: Ball 2-2: Strikes out swinging
|
Batting: LHB Tony Rivera
|
0-0: Called Strike 0-1: Ball 1-1: Ball 2-1: Ball 3-1: Base on Balls
|
Batting: RHB Miguel Costa
|
0-0: Swinging Strike 0-1: Foul Ball, location: 2F 0-2: Foul Ball, location: 2F 0-2: Ball 1-2: Ball 2-2: Ball 3-2: Base on Balls Bernardo Morales to third Tony Rivera to second
|
Batting: RHB Jeff Mason
|
0-0: Called Strike 0-1: Called Strike 0-2: Strikes out swinging
|
Bottom of the 9th over - 0 run(s), 1 hit(s), 0 error(s), 3 left on base; Santa Fe 4 - Beaumont 4 |
TOP OF THE 10TH |
Santa Fe Diablos batting - Pitching for Beaumont Roughnecks : RHP Grady Connolly
|
Batting: RHB John Dinkins
|
0-0: Ball 1-0: Foul Ball, location: 2F 1-1: Ball 2-1: Swinging Strike 2-2: Ball 3-2: Fly out, F9 (Flyball, 9)
|
Batting: SHB George Adams
|
0-0: SINGLE (Flyball, 8RS)
|
Pinch Hitting: RHB José Alvarado
|
0-0: Ball 1-0: SINGLE (Groundball, 4MD) George Adams to second
|
Batting: RHB Lee Price
|
0-0: SINGLE (Line Drive, 6) George Adams to third José Alvarado to second
|
Batting: SHB Tex White
|
0-0: Ball 1-0: Ball 2-0: Ball 3-0: Base on Balls George Adams scores José Alvarado to third Lee Price to second
|
Pitching: LHP Artie Nelson
|
|
Batting: RHB Tim Adkins
|
0-0: Ball 1-0: Swinging Strike 1-1: Ball 2-1: Foul Ball, location: 2F 2-2: Ball 3-2: Base on Balls José Alvarado scores Lee Price to third Tex White to second
|
Batting: LHB Javier Martínez
|
0-0: Swinging Strike 0-1: Foul Ball, location: 2F 0-2: Ball 1-2: Ball 2-2: Foul Ball, location: 2F 2-2: Strikes out swinging
|
Batting: RHB Ricardo Remedios
|
0-0: Ball 1-0: Called Strike 1-1: Ground out 5-3 (Groundball, 56S)
|
Top of the 10th over - 2 run(s), 3 hit(s), 0 error(s), 3 left on base; Santa Fe 6 - Beaumont 4 |
BOTTOM OF THE 10TH |
Beaumont Roughnecks batting - Pitching for Santa Fe Diablos : RHP Jonathan Long
|
Now in CF: Collin Smith
|
|
Batting: RHB Darwin Crane
|
0-0: Swinging Strike 0-1: Ball 1-1: Ball 2-1: Fly out, F8 (Flyball, 8RM)
|
Batting: LHB Cam Flowers
|
0-0: Ball 1-0: Ball 2-0: Foul Ball, location: 2F 2-1: Ball 3-1: Base on Balls
|
Batting: RHB Anthony Hezell
|
0-0: Grounds into double play, 4-6-3 (Groundball, 4)
|
Bottom of the 10th over - 0 run(s), 0 hit(s), 0 error(s), 0 left on base; Santa Fe 6 - Beaumont 4 |
|